 Dungeon Crawl Stone Soup version 0.26-a0-224-g2964c8cf50 (webtiles) character file.

Game seed: 14315380775245210406

44 Esekla the Stinger (level 3, 0/26 HPs)
             Began as a Formicid Venom Mage on July 6, 2020.
             Slain by a hobgoblin
             ... wielding a +0 club
              (6 damage)
             ... on level 1 of the Dungeon.
             The game lasted 00:11:43 (1323 turns).

Esekla the Stinger (Formicid Venom Mage)            Turns: 1323, Time: 00:11:43

Health: 0/26       AC:  2    Str: 12    XL:     3   Next: 85%
Magic:  0/7        EV: 12    Int: 15    God:
Gold:   47         SH:  0    Dex: 11    Spells: 5/8 levels left

rFire    . . .     SeeInvis +   i - +0 falchion
rCold    . . .     Faith    .   (no shield)
rNeg     . . .     Spirit   .   a - +0 robe
rPois    .         Reflect  .   (helmet unavailable)
rElec    .         Harm     .   (no cloak)
rCorr    .                      (no gloves)
MR       .....                  (no boots)
Stlth    ++........             (no amulet)
HPRegen  0.08/turn              (no ring)
MPRegen  0.10/turn              (no ring)

@: lethally poisoned (0 -> -3)
A: permanent stasis, dig shafts and tunnels, four strong arms, antennae 3
a: Dig, Shaft Self


You were on level 1 of the Dungeon.
You were not hungry.

You visited 1 branch of the dungeon, and saw 4 of its levels.

You collected 47 gold pieces.

Inventory:

Hand Weapons
 b - a +0 dagger
 i - a +0 falchion (weapon)
Missiles
 h - 5 boomerangs (quivered)
Armour
 a - a +0 robe (worn)
Scrolls
 d - 2 scrolls of identify {unknown}
 e - a scroll of amnesia {unknown}
 f - a scroll of magic mapping {unknown}
 g - a scroll of remove curse {unknown}
Potions
 j - a potion of ambrosia {unknown}
 k - a potion of might {unknown}
Comestibles
 c - 3 rations


   Skills:
 * Level 1.4 Fighting
 + Level 0.1 Short Blades
 + Level 2.1 Dodging
 - Level 2.4 Stealth
 * Level 3.2 Spellcasting
 - Level 1.1 Transmutations
 + Level 0.2 Air Magic
 - Level 4.0 Poison Magic


You had 5 spell levels left.
You knew the following spells:

 Your Spells              Type           Power        Failure   Level
a - Sting                 Tmut/Pois      ##..         7%          1
b - Poisonous Vapours     Pois/Air       #.....       12%         2

Your spell library contained the following spells:

 Spells                   Type           Power        Failure   Level
 Ignite Poison            Fire/Tmut/Pois #.......     28%         3
 Mephitic Cloud           Conj/Pois/Air  #.......     32%         3
 Olgreb's Toxic Radiance  Pois           ##......     36%         4


Dungeon Overview and Level Annotations

Branches:
Dungeon (4/15)
 Temple: D:4-7

Altars:


Innate Abilities, Weirdness & Mutations

You cannot be hasted, slowed, berserked, paralysed or teleported.
You can dig through walls and to a lower floor.
Your four strong arms can wield two-handed weapons with a shield.
You have a pair of large antennae on your head. (SInv)


Message History

Poisonous vapours surround the hobgoblin!
You feel sick. The goblin closely misses you.
You riposte.
You miss the goblin.
The hobgoblin is engulfed in poison gas.
The hobgoblin is poisoned.
The hobgoblin hits you with a +0 club.
* * * LOW HITPOINT WARNING * * *
Casting: Poisonous Vapours (safe; 12% risk of failure)
Confirm with . or Enter, or press ? or * to list all spells.
Aiming: Poisonous Vapours (safe; 12% risk of failure)
Press: ? - help, Dir - move target cursor, f - goblin, p - hobgoblin
Aim: a goblin, wielding a +0 club and wearing an uncursed amulet of guardian spirit Poisonous vapours surround the goblin!
The goblin is engulfed in poison gas.
The goblin is poisoned.
You kill the goblin!
Casting: Poisonous Vapours (safe; 12% risk of failure)
Confirm with . or Enter, or press ? or * to list all spells.
Okay, then.
You barely miss the hobgoblin.
The hobgoblin is lightly wounded.
The hobgoblin hits you with a +0 club.
You die...

##...........###....##.†#
#.....................##
##.#####♣♣####.........#
#..#####.♣♣♣##..(.....##
..♣.##≈.#.♣♣≈#♣.......#
#≈≈..........^♣♣#.....#
#...........♣ #.....#
#..####'##..♣♣#.....#
##..#.....#..##@g....##
#♣...+.....#...≈)......####
..♣..#.....#..#.♣..>..........
#≈...#...<.#...####...........
.♣♣..#.....#..♣♣ .............
# #..#######..# #.............
♣...(.......♣ ###...........
♣...........♣ #...........
♣♣♣♣♣.#.≈≈♣#♣ ............


You could see a hobgoblin (poisoned).

Vanquished Creatures
  An adder (D:1)
  A dart slug (D:1)
  6 orcs
  A giant cockroach (D:2)
  2 hobgoblins
  2 jackals (D:3)
  A ball python (D:3)
  4 bats
  4 goblins
  A kobold (D:2)
  5 rats
28 creatures vanquished.

Notes
Turn   | Place    | Note
-------+----------+-------------------------------------------
     0 | D:1      | Esekla the Formicid Venom Mage began the quest for the Orb.
     0 | D:1      | Reached XP level 1. HP: 13/13 MP: 3/3
   333 | D:1      | Reached XP level 2. HP: 20/20 MP: 2/5
   337 | D:1      | Learned a level 2 spell: Poisonous Vapours
   765 | D:4      | Reached skill level 1 in Fighting
   765 | D:4      | Reached XP level 3. HP: 26/26 MP: 1/7
  1323 | D:1      | Slain by a hobgoblin

Illustrated notes

Levels and vault maps discovered:
D:1:      saegor_arrival_under_anarchy, layout_rooms
D:2:      layout_basic, gammafunk_temple_overflow_statue,
          nicolae_overflow_hidden_temple, first_ration,
          kennysheep_generic_room_7
D:3:      layout_loops_corners
D:4:      layout_layer_cave, serial_shops, shop, uniq_crazy_yiuf_cottage

Skill      XL: |  1  2  3 |
---------------+----------+-----
Dodging        | 2 |  2.1
Fighting       | 1 |  1.4
Spellcasting   | 3 |  3.2
Short Blades   | |  0.1
Stealth        | |  2.4
Transmutations | |  1.1
Air Magic      | |  0.2
Poison Magic   | |  4.0

Action                   || total
-------------------------++-------
Melee: Dagger            ||    31
       Falchion          ||    13
 Cast: Sting             ||    10
       Poisonous Vapours ||    20
  Eat: Ration            ||     1
Armor: Robe              ||    14
Dodge: Dodged            ||    62
       Rpst.: Falchion   ||     4

Table legend:
 A = Non-vault XP
 B = Vault XP
 C = Vault XP percentage of total XP
 D = Non-vault monster count
 E = Vault monster count
 F = Vault count percentage of total count
                 A         B        C        D         E       F
            +---------+---------+-------+---------+---------+-------
      Total |      59 |       4 |   6.3 |      26 |       2 |   7.1
            +---------+---------+-------+---------+---------+-------
        D:1 |      27 |       0 |   0.0 |      11 |       0 |   0.0
        D:2 |       8 |       4 |  33.3 |       4 |       2 |  33.3
        D:3 |      12 |       0 |   0.0 |       7 |       0 |   0.0
        D:4 |      12 |       0 |   0.0 |       4 |       0 |   0.0
            +---------+---------+-------+---------+---------+-------
